 Dungeon Sprint DCSS version 0.30-a0-210-g01b79a254e (webtiles) character file.

Game seed: 18165361946759274971

5248 rocky1 the Warrior (level 10, -7/127 HPs)
             Began as an Ogre Gladiator on Oct 5, 2022.
             Was an Initiate of Gozag.
             Mangled by a merfolk
             ... wielding a +0 trident
             ... led by Ilsuiw
              (15 damage)
             ... in the Dungeon (Sprint VII: "The Pits").
             The game lasted 00:10:30 (1943 turns).

rocky1 the Warrior (Ogre Gladiator)                 Turns: 1943, Time: 00:10:31

Health: -7/127     AC: 13    Str: 22    XL:     10   Next: 62%
Magic:  10/10      EV: 12    Int: 11    God:    Gozag
Gold:   2040       SH:  0    Dex: 16    Spells: 9/9 levels left

rFire   . . .      SeeInvis .    x - +2 dire flail (protect)
rCold   + . .      Faith    .    (shield currently unavailable)
rNeg    . . .      Spirit   .    s - +2 robe {rC+}
rPois   .          Reflect  .    c - +0 hat
rElec   .          Harm     .    r - +0 cloak
rCorr   .          Rampage  .    (gloves unavailable)
Will    +....      NoTele   +    (boots unavailable)
Stlth   +.........               (no amulet)
HPRegen 0.41/turn                j - +3 ring of dexterity
MPRegen 0.12/turn                t - +3 ring of dexterity

@: lethally poisoned (-7 -> -30), engulfed (cannot breathe), under a protective
aura, mesmerised
A: large, unfitting armour, tough skin 1
a: Renounce Religion, Potion Petition, Call Merchant, Bribe Branch


You were in the Dungeon.
You worshipped Gozag.
Gozag was most pleased with you.
You visited 1 branch You collected 3117 gold pieces.
You spent 140 gold pieces at shops.
You paid 937 gold pieces to Gozag.

Inventory:

Hand Weapons
 a - a +0 giant club
 b - a +0 giant spiked club
 o - a +2 mace of protection
 x - a +2 dire flail of protection (weapon)
 y - a +1 broad axe of freezing
Missiles
 d - a throwing net (quivered)
 e - a large rock
 l - a javelin
Armour
 c - a +0 hat (worn)
 r - a +0 cloak (worn)
 s - a +2 robe of cold resistance (worn)
Jewellery
 j - a +3 ring of dexterity (left hand)
 t - a +3 ring of dexterity (right hand)
Wands
 p - a wand of charming (13)
Scrolls
 m - 5 scrolls of amnesia
 n - a scroll of summoning
Potions
 f - 8 potions of curing
 g - 2 potions of heal wounds
 h - 4 potions of haste
 i - 4 potions of magic
 q - a potion of mutation {unknown}
 u - a potion of might
 v - 2 potions of brilliance
 w - a potion of flight {unknown}


   Skills:
 + Level 16.0 Fighting
 + Level 15.5 Maces & Flails
 + Level 12.5 Throwing
 + Level 3.4 Armour
 + Level 4.8 Dodging


You had 9 spell levels left.
You didn't know any spells.
Your spell library was empty.

Dungeon Overview and Level Annotations

Branches:
Dungeon (1/1)

Altars:
Ashenzari
Cheibriados
Dithmenos
Elyvilon
Fedhas
Gozag
Hepliaklqana
Kikubaaqudgha
Makhleb
Nemelex Xobeh
Okawaru
Qazlal
Ru
Sif Muna
Trog
Uskayaw
Vehumet
Wu Jian
Xom
Yredelemnul
Zin
The Shining One
Jiyva
Lugonu

Shops:
D [

Annotations:
D Ilsuiw


Innate Abilities, Weirdness & Mutations

You are too large for most types of armour.
You have tough skin. (AC +1)


Message History

The water elemental closely misses you.
You hear a shout!
Okay, then.
You cannot read scrolls while unable to breathe!
Okay, then.
Okay, then.
You feel much better.
Your lungs strain for air!
The orange demon stings you from afar.
You are poisoned.
The orange demon poisons you! Something hits you.
The merfolk hits you from afar with a +0 trident!
* * * LOW HITPOINT WARNING * * *
The merfolk siren chants its luring song.
The water elemental hits you.
* * * LOW HITPOINT WARNING * * *
The water elemental misses you.
You hear a howl! x2
Unknown command.
You feel better.
* * * LOW HITPOINT WARNING * * *
Your lungs strain for air!
The orange demon stings you from afar.
* * * LOW HITPOINT WARNING * * *
The merfolk hits you from afar with a +0 trident!
* * * LOW HITPOINT WARNING * * *
Something hits you but does no damage.
The merfolk siren chants its luring song. x2
A wolf comes into view.
The water elemental hits you. The water elemental closely misses you.
You miss something.
* * * LOW HITPOINT WARNING * * *
Your lungs strain for air!
The orange demon stings you from afar.
* * * LOW HITPOINT WARNING * * *
You are lethally poisoned!
The orange demon poisons you!
The merfolk hits you from afar with a +0 trident!
You die...
Your body crumbles into a pile of gold.

#................+
'................+
#......#..#......#
#.......)........#
####'#####''######
#.......##''##############
#.......##......#...(mh..#
#.......##....###Em.###.mm#
#...<...##...##{@ENm+
##.m.m.#
#.......##..##..##4##
#E..##
#.......##..#..##...## ...#
#.......##..#..#....N# ...#
##########..'..+.....Nm ..+
##########..#..#.....#.h
..#
...#..[[##..#..##.4.##..'
...#..[[##..##.)##'## ##
...'..).##...##.))..+


You could see a salamander, 2 merfolk, an orange demon, 2 water elementals, 2
merfolk sirens, a naga mage (fast), a naga and 2 wolves.

Vanquished Creatures
  A merfolk javelineer (D)
  A two-headed ogre (D)
  A flayed ghost (D)
  A lindwurm (D)
  Maurice (D)
  A molten gargoyle (D)
  Psyche (D)
  An unseen horror (D)
  A merfolk (D)
  A polar bear (D)
  A wyvern (D)
  3 vampire mosquitoes (D)
  A warg (D)
  A black bear (D)
  A sky beast (D)
  A centaur (D)
  A phantom (D)
  A kobold brigand (D)
  A necrophage (D)
  5 wights (D)
  A crimson imp (D)
  An orc priest (D)
  A hound (D)
  Terence (D)
  A mummy (D)
  A gnoll (D)
  A river rat (D)
  An ufetubus (D)
  4 orcs (D)
  A giant cockroach (D)
  4 jackals (D)
  A kobold (D)
  2 bats (D)
  A frilled lizard (D)
  A rat (D)
48 creatures vanquished.

Notes
Turn   | Place    | Note
-------+----------+-------------------------------------------
     0 | D        | rocky1 the Ogre Gladiator began the quest for the Orb.
     0 | D        | Reached XP level 1. HP: 22/22 MP: 1/1
    43 | D        | Found a bloodstained altar of Trog.
    43 | D        | Found a shimmering blue altar of Sif Muna.
    43 | D        | Found a viscous altar of Jiyva.
    43 | D        | Found a hazy altar of Hepliaklqana.
    43 | D        | Found an opulent altar of Gozag.
    44 | D        | Found a glowing golden altar of the Shining One.
    44 | D        | Found a glowing silver altar of Zin.
    44 | D        | Found a basalt altar of Yredelemnul.
    44 | D        | Found a shimmering altar of Xom.
    44 | D        | Found an ornate altar of the Wu Jian Council.
    44 | D        | Found a sacrificial altar of Ru.
    44 | D        | Found a stormy altar of Qazlal.
    44 | D        | Found an iron altar of Okawaru.
    44 | D        | Found a sparkling altar of Nemelex Xobeh.
    44 | D        | Found a burning altar of Makhleb.
    44 | D        | Found a blossoming altar of Fedhas.
    44 | D        | Found a white marble altar of Elyvilon.
    44 | D        | Found a shadowy altar of Dithmenos.
    44 | D        | Found a snail-covered altar of Cheibriados.
    47 | D        | Found a corrupted altar of Lugonu.
    47 | D        | Found a radiant altar of Vehumet.
    48 | D        | Found an ancient bone altar of Kikubaaqudgha.
    48 | D        | Found a hide-covered altar of Uskayaw.
    48 | D        | Found a broken altar of Ashenzari.
    51 | D        | Became a worshipper of Gozag Ym Sagoz the Greedy
    92 | D        | Reached skill level 3 in Fighting
   162 | D        | Reached XP level 2. HP: 24/32 MP: 2/2
   166 | D        | Reached skill level 4 in Fighting
   172 | D        | Reached XP level 3. HP: 22/41 MP: 3/3
   349 | D        | Reached skill level 5 in Fighting
   349 | D        | Reached skill level 5 in Maces & Flails
   405 | D        | Noticed a warg
   405 | D        | Noticed a black bear
   414 | D        | Noticed a sky beast
   421 | D        | Noticed a kobold brigand
   423 | D        | Killed a black bear
   424 | D        | Reached skill level 6 in Fighting
   424 | D        | Reached skill level 5 in Throwing
   424 | D        | Reached XP level 4. HP: 42/53 MP: 4/4
   424 | D        | Reached XP level 5. HP: 48/61 MP: 5/5
   430 | D        | Killed a warg
   431 | D        | Reached skill level 8 in Fighting
   431 | D        | Reached XP level 6. HP: 32/74 MP: 6/6
   456 | D        | Killed a sky beast
   457 | D        | Reached skill level 9 in Fighting
   469 | D        | Reached XP level 7. HP: 30/84 MP: 7/7
   668 | D        | Reached skill level 10 in Fighting
   668 | D        | Reached skill level 10 in Maces & Flails
   673 | D        | Noticed Maurice
   689 | D        | Killed Maurice
   690 | D        | Reached skill level 11 in Fighting
   744 | D        | Reached XP level 8. HP: 97/97 MP: 8/8
   869 | D        | Bought an embroidered robe for 140 gold pieces
   901 | D        | Noticed a lindwurm
   901 | D        | Noticed a two-headed ogre
   919 | D        | Killed a two-headed ogre
   920 | D        | Reached skill level 12 in Fighting
   931 | D        | Killed a lindwurm
   932 | D        | Reached skill level 13 in Fighting
   932 | D        | Reached skill level 10 in Throwing
   932 | D        | Reached XP level 9. HP: 40/110 MP: 9/9
  1240 | D        | Noticed a merfolk
  1270 | D        | Killed a merfolk
  1439 | D        | Noticed a polar bear
  1455 | D        | Killed a polar bear
  1456 | D        | Reached skill level 14 in Fighting
  1563 | D        | Noticed a flayed ghost
  1585 | D        | Killed a flayed ghost
  1586 | D        | Reached skill level 15 in Maces & Flails
  1586 | D        | Reached XP level 10. HP: 72/123 MP: 10/10
  1590 | D        | Reached skill level 15 in Fighting
  1736 | D        | Noticed Terence
  1744 | D        | Killed Terence
  1760 | D        | Noticed Psyche
  1764 | D        | Killed Psyche
  1765 | D        | Reached skill level 1 in Armour
  1785 | D        | Noticed a molten gargoyle
  1795 | D        | Killed a molten gargoyle
  1888 | D        | Noticed a merfolk javelineer
  1903 | D        | Killed a merfolk javelineer
  1906 | D        | Noticed Ilsuiw
  1910 | D        | Noticed a merfolk siren
  1915 | D        | Killed an unseen horror
  1916 | D        | Reached skill level 16 in Fighting
  1929 | D        | Noticed a naga mage
  1929 | D        | Noticed an orange demon
  1936 | D        | Noticed a salamander
  1936 | D        | Noticed a merfolk siren
  1943 | D        | Mangled by a merfolk

Illustrated notes

Levels and vault maps discovered:
D:        pitsprint [storerooms_1, entrance_room_1, metal_vault_6, armoury_1,
          mini_pit_1, grid_room_1, main_hall_1, silver_pit, the_coven_1,
          the_vestibule_1, steel_vault_1, golden_pit, hallway_of_sentries,
          crystal_vault_4, iron_vault_2, final_vault]

Skill      XL: |  1  2  3  4  5  6  7  8  9 10 |
---------------+-------------------------------+-----
Fighting       | 3 4 6 8 9 11 13 14 16 | 16.0
Maces & Flails | 3 4 6 8 9 11 13 15 | 15.5
Throwing       | 3 5 6 7 8 10 11 12 | 12.5
Dodging        | 4 |  4.8
Armour         | 3 |  3.4

Action                   |  1- 3 |  4- 6 |  7- 9 | 10-12 || total
-------------------------+-------+-------+-------+-------++-------
Melee: Flail             |    38 |       |       |       ||    38
       Punch             |     1 |     1 |       |       ||     2
       Mace              |     8 |    39 |    54 |       ||   101
       Dire flail        |       |       |    65 |    44 ||   109
Throw: Throwing net      |     2 |       |       |       ||     2
       Dart              |       |       |    11 |    11 ||    22
Invok: Potion Petition   |       |       |     1 |       ||     1
       Call Merchant     |       |       |     1 |       ||     1
  Use: Potion            |     1 |     2 |     7 |     3 ||    13
       Scroll            |       |     1 |       |       ||     1
 Stab: Distracted        |     2 |       |       |       ||     2
       Sleeping          |     1 |       |       |       ||     1
       Held in net/web   |     1 |       |       |       ||     1
       Invisible         |       |       |     4 |     2 ||     6
Armor: Robe              |    16 |    15 |    34 |    16 ||    81
Dodge: Dodged            |    41 |    21 |    49 |    14 ||   125

Table legend: (Time is in decaauts)
 A = Elapsed time spent in this place.
 B = Non-inter-level travel time spent in this place.
 C = Inter-level travel time spent in this place.
 D = Time resting spent in this place.
 E = Time spent auto-exploring this place.
 F = Levels seen in this place.
 G = Mean time per level.
                   A        B        C        D        E       F      G
               +--------+--------+--------+--------+--------+-----+--------+
         Total |   1908 |   1845 |     63 |   1017 |      0 |   1 | 1908.0 |
       Dungeon |   1908 |   1845 |     63 |   1017 |      0 |   1 | 1908.0 |
               +--------+--------+--------+--------+--------+-----+--------+

Top non-repeatable levels by time:
       D: 1908 daAuts
